 Dungeon Crawl Stone Soup version 0.17-a0-1979-g1c74939 (webtiles) character file.

168 ardent99 the Skirmisher (level 5, 0/46 HPs)
             Began as a Draconian Conjurer on Oct 5, 2015.
             Slain by an orc
             ... wielding a +0 hand axe
              (10 damage)
             ... on level 4 of the Dungeon.
             The game lasted 00:12:54 (2960 turns).

ardent99 the Skirmisher (Draconian Conjurer)        Turns: 2960, Time: 00:12:55

Health: 0/46       AC: -1    Str: 11    XL:     5   Next: 23%
Magic:  16/17      EV:  7    Int: 16    God:
Gold:   193        SH:  0    Dex: 11    Spells: 2 memorised, 5 levels left

rFire  . . .     SeeInvis .     d - +6 dagger (venom)
rCold  . . .     Clarity  .     (armour unavailable)
rNeg   . . .     SustAt   .     (no shield)
rPois  +         Gourm    .     (helmet restricted)
rElec  .         Spirit   .     v - +0 cloak
rCorr  .         Warding  .     (no gloves)
rMut   +         Stasis   .     o - +0 pair of boots
MR     .....                    i - amulet of resist mutation
Stlth  ++........               j - ring of poison resistance
                                e - ring of magical power

@: corroded equipment, not resistant to hostile enchantments, unstealthy
A: unfitting armour, cold-blooded, AC +5
a: no special abilities


You were on level 4 of the Dungeon.
You were not hungry.

You visited 1 branch of the dungeon, and saw 4 of its levels.

You collected 193 gold pieces.

Inventory:

Hand Weapons
 d - a +6 dagger of venom (weapon)
 r - a +1 dagger of freezing
 u - a +4 quarterstaff of chaos
Armour
 o - a +0 pair of boots (worn)
 v - a +0 cloak (worn)
Jewellery
 e - a ring of magical power (left hand)
 i - an amulet of resist mutation (around neck)
 j - a ring of poison resistance (right hand)
Wands
 p - a wand of polymorph (4)
 t - a wand of slowing (20)
Scrolls
 c - 2 scrolls of remove curse
 f - a scroll of amnesia
 n - 4 scrolls of identify
 x - a scroll of fog
Potions
 h - 2 potions of magic
 k - a potion of heal wounds {unknown}
 l - 3 potions of curing
 m - a potion of flight {unknown}
 q - a potion of agility
 s - a potion of invisibility {unknown}
 w - a potion of poison {unknown}
Books
 a - a book of Conjurations

   Spells                             Type                      Level
   a - Magic Dart                     Conjuration                  1
   b - Searing Ray                    Conjuration                  2
   c - Dazzling Spray                 Conjuration/Hexes            3
   d - Fulminant Prism                Conjuration/Hexes            4
   e - Iskenderun's Mystic Blast      Conjuration                  4
   f - Iskenderun's Battlesphere      Conjuration/Charms           5
Comestibles
 b - 3 bread rations
 g - a meat ration


   Skills:
 - Level 4.1 Fighting
 + Level 2.0 Short Blades
 - Level 2.2 Dodging
 - Level 2.2 Stealth
 - Level 2.0 Spellcasting
 - Level 4.0 Conjurations


You had 5 spell levels left.
You knew the following spells:

 Your Spells              Type           Power        Failure   Level  Hunger
a - Magic Dart            Conj           ##..         4%          1    #......
b - Searing Ray           Conj           ##....       8%          2    ###....


Dungeon Overview and Level Annotations

Branches:
Dungeon (4/15)
 Temple: D:4-7

Altars:
Ashenzari
Nemelex Xobeh


Innate Abilities, Weirdness & Mutations

Your plain brown scales are hard (AC +5).
Your body does not fit into most forms of armour.
You are cold-blooded and may be slowed by cold attacks.


Message History

Found a leather armour.
An orc comes into view. It is wielding a hand axe.
The jelly barely misses you.
The orc shouts!
You hit the jelly. The acid corrodes you!
Your hands burn!
The jelly is severely wounded.
The jelly hits you.
You are splashed with acid!
The acid burns!
Casting: Searing Ray
Confirm with . or Enter, or press ? or * to list all spells.
Aiming: Magic Dart
Press: ? - help, Shift-Dir - straight line, f - jelly
Aim: a jelly (severely wounded, poisoned)
The magic dart hits the jelly.
The jelly is severely wounded.
The jelly barely misses you. The jelly hits you.
You are splashed with acid!
The acid burns!
* * * LOW HITPOINT WARNING * * *
There is a stone staircase leading up here.
The orc hits you with a hand axe!
You die...

##........#
.#....[....#
...........#
........#..# ##
#..........# ..##
#..........# #...[
##.........#####.....
#.........#.........
#.........@o........
##..##.....J........
#..##..............
#.............######
..............#
..####.....##
...###....##
......(....#
........##..#


You could see a jelly and an orc.

Vanquished Creatures
  Crazy Yiuf (D:3)
  Ijyb (D:3)
  Jessica (D:3)
  A gnoll (D:1)
  2 adders (D:3)
  2 worms
  A giant gecko (D:1)
  4 bats
  3 giant cockroaches
  10 goblins
  8 hobgoblins
  2 kobolds (D:3)
  A ball python (D:4)
  6 giant newts
  2 jackals (D:3)
  10 rats
55 creatures vanquished.

Notes
Turn   | Place    | Note
--------------------------------------------------------------
     0 | D:1      | ardent99 the Draconian Conjurer began the quest for the Orb.
     0 | D:1      | Reached XP level 1. HP: 14/14 MP: 3/3
   205 | D:1      | Reached XP level 2. HP: 12/20 MP: 0/5
   494 | D:1      | Reached skill level 1 in Fighting
   602 | D:1      | Reached XP level 3. HP: 24/28 MP: 6/6
   700 | D:1      | Learned a level 2 spell: Searing Ray
   704 | D:1      | Learned a level 3 spell: Dazzling Spray
   903 | D:2      | Reached skill level 1 in Short Blades
  1030 | D:2      | Found a sparkling altar of Nemelex Xobeh.
  1948 | D:3      | Noticed Jessica
  1971 | D:3      | Killed Jessica
  1971 | D:3      | Reached XP level 4. HP: 35/37 MP: 7/7
  2054 | D:3      | Noticed Ijyb
  2065 | D:3      | Killed Ijyb
  2380 | D:3      | Found a shattered altar of Ashenzari.
  2433 | D:3      | Reached XP level 5. HP: 43/46 MP: 8/8
  2559 | D:3      | Noticed Crazy Yiuf
  2571 | D:3      | Killed Crazy Yiuf
  2960 | D:4      | Slain by an orc

Vault maps used:
D:1:      minmay_arrival_diagonal_passages, minmay_newt_pond
D:2:      kennysheep_six_static_rooms, nemelex_spade_bored_becter
D:3:      nicolae_overflow_hidden_temple, first_bread, ashenzari_altar_1,
          uniq_crazy_yiuf_cottage, uniq_iyjb, uniq_jessica
D:4:      lemuel_coloured_pillars_altar, grunt_temple_overflow_diamond,
          minmay_distorted

Action                   |  1- 3 |  4- 6 || total
-------------------------+-------+-------++-------
Melee: Unarmed           |     1 |       ||     1
       Dagger            |    63 |    15 ||    78
 Cast: Magic Dart        |    43 |     8 ||    51
       Searing Ray       |     2 |     3 ||     5
  Use: Scroll            |    10 |     1 ||    11
 Stab: Sleeping          |     2 |     3 ||     5
  Eat: Chunk             |     4 |     4 ||     8
